 Dungeon Crawl Stone Soup version 0.30.0-5-g1a98f26d00 (webtiles) character file.

Game seed: 2118761831863528327

53 fozzywoppz the Trooper (level 3, -7/24 HPs)
             Began as a Gargoyle Fighter on May 10, 2023.
             Killed by divine providence
             ... invoked by an orc priest
              (15 damage)
             ... on level 3 of the Dungeon.
             The game lasted 00:02:41 (1028 turns).

fozzywoppz the Trooper (Gargoyle Fighter)           Turns: 1028, Time: 00:02:42

Health: -7/24      AC: 10    Str: 19    XL:     3   Next: 87%
Magic:  3/3        EV:  9    Int:  8    God:
Gold:   33         SH:  0    Dex: 11    Spells: 2/2 levels left

rFire   + . .        l - +2 whip (flame)
rCold   + . .        c - +0 buckler
rNeg    + . .        b - +0 scale mail
rPois   ∞            (no helmet)
rElec   +            (no cloak)
rCorr   +            (no gloves)
SInv    .            (no boots)
Will    .....        (no amulet) Stlth
                     h - ring of resist corrosion
HPRegen 0.24/turn    (no ring)
MPRegen 0.08/turn

%: no passive effects
@: confused, resistant, ambrosia-drunk
A: sickness immunity, AC +3, negative energy resistance 1, electricity
resistance, torment resistance 1, petrification resistance
a: no special abilities


You were on level 3 of the Dungeon.
You visited 1 branch of the dungeon, and saw 3 of its levels.

You collected 33 gold pieces.

Inventory:

Hand Weapons
 a - a +0 flail
 l - a +2 whip of flaming (weapon)
Armour
 b - a +0 scale mail (worn)
 c - a +0 buckler (worn)
Jewellery
 h - a ring of resist corrosion (left hand)
Scrolls
 e - a scroll of blinking {unknown}
 f - 2 scrolls of enchant weapon {unknown}
 i - a scroll of amnesia {unknown}
 j - a scroll of butterflies {unknown}
Potions
 d - 2 potions of might


   Skills:
 + Level 3.8 Fighting
 + Level 2.8 Maces & Flails
 + Level 3.7 Armour
 + Level 0.1 Dodging
 + Level 3.6 Shields


You had 2 spell levels left.
You didn't know any spells.
Your spell library was empty.

Dungeon Overview and Level Annotations

Branches:
Dungeon (3/15)

Altars:
Zin


Innate Abilities, Weirdness & Mutations

You are immune to sickness and miasma.
Your stone body is resilient. (AC +3)
You are immune to poison.
You resist negative energy. (rN+)
You are resistant to electric shocks. (rElec)
You are resistant to unholy torment.
You are immune to petrification.


Message History

l - a +2 whip of flaming (weapon)
You hit the hobgoblin. You burn the hobgoblin.
You kill the hobgoblin!
You block the orc priest's attack.
You see here a hobgoblin corpse.
You hit the orc priest. You burn the orc priest.
The orc priest is moderately wounded.
You block the orc priest's attack.
You barely miss the orc priest.
The orc priest is moderately wounded.
The orc priest calls down the wrath of Beogh upon you.
Pain shoots through your body!
You closely miss the orc priest.
The orc priest is moderately wounded.
Unknown command.
You hit the orc priest. You burn the orc priest.
The orc priest is heavily wounded.
You block the orc's attack.
The orc priest hits you but does no damage.
You hit the orc priest. You burn the orc priest.
The orc priest is almost dead.
The orc priest hits you but does no damage.
The orc barely misses you.
You closely miss the orc priest.
The orc priest is almost dead.
The orc priest calls down the wrath of Beogh upon you.
Beogh smites you!
Ouch! That really hurt!
* * * LOW HITPOINT WARNING * * *
You block the orc's attack.
It was a potion of resistance.
You feel protected. The orc hits you but does no damage.
The orc priest closely misses you.
It was a potion of ambrosia.
You are confused.
You feel invigorated. The orc hits you but does no damage.
The orc priest calls down the wrath of Beogh upon you.
Beogh smites you!
Ouch! That really hurt!
You die...

.##.#. ....#.
#<....# #......
#######.#
.......##.(.....#
#....#######
###..#### ##†.oo#
#.##@######
#.##......#
#.#######..# #.#
#.# #####.#
...#.# #####.#.#
#.......#


You could see an orc priest and an orc.

Vanquished Creatures
  An adder (D:2)
  A worm (D:2)
  A dart slug (D:2)
  4 ball pythons
  4 endoplasms (D:1)
  3 giant cockroaches
  2 hobgoblins
  2 jackals (D:2)
  5 quokkas
  3 bats (D:1)
  A frilled lizard (D:2)
  2 goblins (D:1)
  3 kobolds
  3 rats
35 creatures vanquished.

Notes
Turn   | Place    | Note
-------+----------+-------------------------------------------
     0 | D:1      | fozzywoppz the Gargoyle Fighter began the quest for the
                  | Orb.
     0 | D:1      | Reached XP level 1. HP: 14/14 MP: 1/1
   135 | D:1      | Reached XP level 2. HP: 19/19 MP: 2/2
   555 | D:1      | Reached XP level 3. HP: 23/24 MP: 3/3
   729 | D:2      | Found a glowing silver altar of Zin.
   923 | D:3      | Noticed a golden eye
   924 | D:3      | Found a faded altar of an unknown god.
   930 | D:3      | Noticed an eye of devastation
   936 | D:3      | Noticed a great orb of eyes
   939 | D:3      | Noticed a golden eye
  1028 | D:3      | Killed from afar by an orc priest

Illustrated notes

Levels and vault maps discovered:
D:1:      matt_arrival_grand_opening, layout_loops_ring
D:2:      layout_basic, basic_altar, nicolae_figureground_sparkle
D:3:      layout_basic, hellmonk_ecumenical_altar_watching_god,
          gammafunk_ghost_stat_death

Action                     || total
---------------------------++-------
  Melee: Flail             ||   106
         Whip              ||     7
    Use: Potion            ||     2
 Armour: Scale mail        ||    82
  Dodge: Dodged            ||    50
  Block: Buckler           ||    29
